 Dungeon Crawl Stone Soup version bcrawl-1.31.4 (webtiles) character file.

Game seed: 3757441108607737632

418964 Morbidden the Grappler (level 11, -15/100 HPs)
             Began as a Troll Archaeologist on May 26, 2021.
             Was a Believer of Cheibriados.
             Killed from afar by Harold (28 damage)
             ... with a bolt of fire
             ... on level 8 of the Dungeon.
             The game lasted 00:14:27 (7870 turns).

Morbidden the Grappler (Troll Archaeologist)        Turns: 7870, Time: 00:14:28

Health: -15/100    AC: 15    Str: 26    XL:     11   Next: 11%
Magic:  15/15      EV: 11    Int: 19    God:    Cheibriados [**....]
Gold:   1615       SH:  0    Dex: 13    Spells: 10/17 levels left

rFire    . . .     SeeInvis .     - Claws (31.2)
rCold    + . .     Gourm    +   (no shield)
rNeg     . . .     Faith    .   (armour unavailable)
rPois    .         Spirit   .   c - +1 hat
rElec    .         Reflect  .   p - +0 cloak
rCorr    .         Harm     .   (gloves unavailable)
MR       .....                  (boots unavailable)
Stlth    ++........             (no amulet)
HPRegen  0.66/turn              H - +4 ring of protection (curse)
MPRegen  0.14/turn              A - ring of protection from cold

@: very slow
A: large, almost no armour, claws 3, fast metabolism 3, gourmand, regeneration
1, AC +9
a: Bend Time, Renounce Religion


You were on level 8 of the Dungeon.
You worshipped Cheibriados.
Cheibriados was pleased with you.
You were completely stuffed.

You visited 2 branches of the dungeon, and saw 9 of its levels.
You also visited: Sewer.

You collected 2002 gold pieces.
You spent 387 gold pieces at shops.

Inventory:

Hand Weapons
 b - a +0 blowgun
 w - a +0 hunting sling
Missiles
 a - 2455 stones
 d - 17 curare-tipped needles
 n - 135 poisoned needles
 C - 60 exploding tomahawks (quivered)
Armour
 c - a +1 hat (worn)
 p - a +0 cloak (worn)
Jewellery
 v - an uncursed ring of protection from magic
 A - a ring of protection from cold (right claw)
 H - a cursed +4 ring of protection (left claw)
Wands
 y - a wand of polymorph (15)
 G - a wand of flame (17)
Scrolls
 f - 6 scrolls of teleportation
 h - a scroll of noise {unknown}
 i - 5 scrolls of identify
 k - 3 scrolls of immolation {unknown}
 l - 2 scrolls of fear {unknown}
 t - a scroll of fog {unknown}
 x - 3 scrolls of remove curse {unknown}
 B - a scroll of magic mapping
 E - a scroll of amnesia {unknown}
Potions
 j - 4 potions of might
 m - 2 potions of lignification
 o - a potion of cancellation {unknown}
 q - 2 potions of degeneration {unknown}
 r - a potion of ambrosia {unknown}
 s - 2 potions of flight {unknown}
 u - 6 potions of curing {unknown}
 z - a potion of berserk rage {unknown}
 D - 2 potions of agility {unknown}
 F - a potion of invisibility {unknown}
Comestibles
 e - 17 rations {!d}
 g - 7 chunks of flesh


   Skills:
 * Level 4.2 Fighting
   Level 1.0 Maces & Flails
 * Level 5.3 Throwing
 + Level 4.3 Dodging
 + Level 2.8 Stealth
 * Level 11.4 Unarmed Combat
 * Level 3.7 Spellcasting
 * Level 3.0 Conjurations
 * Level 3.6 Hexes
 * Level 2.3 Invocations


You had 10 spell levels left.
You knew the following spells:

 Your Spells              Type           Power        Failure   Level  Hunger
a - Mana Rupture          Conj/Hex       ###.......   100%        7    #######

Your spell library contained the following spells:

 Spells                   Type           Power        Failure   Level  Hunger
 Corona                   Hex            ###....      3%          1    None
 Shackle                  Hex            ###.....     4%          2    None
 Confuse                  Hex            ###.....     10%         3    ###....
 Tukima's Dance           Hex            ###.....     10%         3    ###....
 Dazzling Orbs            Conj/Hex       ###....      11%         3    ###....
 Summon Small Mammal      Summ           #...         14%         1    None
 False Image              Hex/Summ       ##......     21%         3    ###....
 Inner Flame              Hex/Fire       N/A          21%         3    ###....
 Spectral Weapon          Hex/Chrm       ##......     21%         3    ###....
 Call Imp                 Summ           #.....       22%         2    None
 Conjure Flame            Conj/Fire      #.......     22%         3    ###....
 Cause Fear               Hex            ###.......   30%         4    #####..
 Call Canine Familiar     Summ           #.......     38%         3    ###....
 Yara's Violent Unravell  Hex/Tmut       ##........   54%         4    #####..
 Petrify                  Tmut/Erth      #.........   80%         4    #####..
 Summon Ice Beast         Ice/Summ       #.......     80%         4    #####..
 Metabolic Englaciation   Hex/Ice        ##........   88%         5    ######.
 Fireball                 Conj/Fire      #.........   91%         5    ######.
 Summon Lightning Spire   Summ/Air       #.......     98%         5    ######.
 Bolt of Fire             Conj/Fire      #.........   100%        6    #######


Dungeon Overview and Level Annotations

Branches:
Dungeon (8/12)             Temple (1/1) D:7            Lair (0/6) D:8
    Orc: D:8-11

Altars:
Ashenzari
Cheibriados
Dithmenos
Elyvilon
Fedhas
Gozag
Hepliaklqana
Kikubaaqudgha
Lugonu
Makhleb
Nemelex Xobeh
Okawaru
Qazlal
Ru
Sif Muna
Trog
Uskayaw
Vehumet
Wu Jian
Xom
Yredelemnul
Zin
The Shining One

Shops:
D:8 =

Annotations:
D:8 Harold


Innate Abilities, Weirdness & Mutations

You cannot wear most types of armour.
Your thick skin is tough. (AC +9)
You are too large for most types of armour.
You have claws for hands.
Your metabolism is lightning-fast.
You like to eat raw meat.
Your natural rate of healing is unusually fast.


Message History

You don't have any such object.
Quiver which item? (- for none, * to show all) (? for menu, Esc to quit)
Okay, then.
Unknown command.
Quiver which item? (- for none, * to show all) (? for menu, Esc to quit)
Quivering
C - 61 exploding tomahawks for throwing.
There are no items here.
There are no items here.
There are no items here.
Throwing (i - inventory. (/) - cycle)
C - 61 exploding tomahawks (quivered)
Press: ? - help, Shift-Dir - straight line, f/p - Harold
Aim: Harold, wielding a +1 trident of piercing, wearing a +0 scale mail and wearing a +0 medium shield (severely wounded)
You throw an exploding tomahawk.
Harold blocks the exploding tomahawk.
The exploding tomahawk explodes!
The explosion of tomahawk fragments engulfs Harold.
Harold is almost dead.
You hear a shout!
Harold casts a spell at you. The bolt of fire hits you!!
You die...

#.#.............#.#########..
# ##.##.........#....†...##..
#............#...÷...÷÷...
#.....@........)......#...
..#....#....#(########.#.
..#.......(...# ####)..
.......>....#.# #......
#....††.....# #.##...
#...#@#....## #.##..#
#..........# #.##...
....#........# #>..... .#
............ #.###..
#........##### #.. ...
#.......... .....##
#.##.....#.# #.##. # #.
#.#.#.#.. #.##.


You could see Harold.

Vanquished Creatures
  3 death yaks (D:8)
  Pikel (D:5)
  An ugly thing (D:8)
  A centaur zombie (D:7)
  A centaur skeleton (D:8)
  Maurice (D:8)
  Grinder (D:4)
  A hippogriff (D:7)
  6 yaks (D:8)
  Menkaure (D:5)
  2 slaves (D:5)
  A hornet zombie (D:7)
  3 sky beasts
  5 ice beasts
  4 ogres
  4 centaurs
  3 big kobolds
  2 bullfrogs
  A scorpion (D:7)
  5 killer bees (D:8)
  2 howler monkeys
  7 wights
  5 crimson imps
  A bullfrog zombie (D:5)
  3 orc wizards
  A bullfrog skeleton (D:5)
  Crazy Yiuf (D:5)
  3 orc priests
  2 jellies
  A hell rat (D:8)
  4 iguanas
  Natasha (thrice) (D:4)
  6 worker ants
  A killer bee zombie (D:6)
  A hound zombie (D:6)
  4 gnolls (D:3)
  10 adders
  4 river rats
  3 shadow imps
  2 oozes
  An adder zombie (D:5)
  An adder skeleton (D:4)
  6 worms
  3 dart slugs
  27 orcs
  3 bats
  3 giant cockroaches
  7 goblins
  8 hobgoblins
  7 jackals
  19 kobolds
  9 quokkas
  6 ball pythons
  5 frilled lizards
  A quokka skeleton (D:4)
  7 rats
224 creatures vanquished.

Vanquished Creatures (others)
  A slave (D:5)
  A sky beast (D:5)
  A bullfrog (D:5)
  An orc wizard (D:5)
  An adder (D:5)
  3 orcs (D:5)
8 creatures vanquished.

Grand Total: 232 creatures vanquished

Notes
Turn   | Place    | Note
-------+----------+-------------------------------------------
     0 | D:1      | Morbidden the Troll Archaeologist began the quest for the
                  | Orb.
     0 | D:1      | Reached XP level 1. HP: 18/18 MP: 0/0
   190 | D:1      | Reached XP level 2. HP: 4/26 MP: 1/1
  1055 | D:1      | Reached XP level 3. HP: 32/32 MP: 2/2
  1358 | D:2      | Found an opulent altar of Gozag.
  1423 | D:2      | Reached skill level 1 in Unarmed Combat
  1424 | D:2      | Reached skill level 1 in Throwing
  1876 | D:2      | Gained mutation: Your natural rate of healing is unusually
                  | fast. [Troll growth]
  1876 | D:2      | Reached XP level 4. HP: 31/40 MP: 3/3
  1940 | D:3      | Found a glowing drain.
  1988 | D:3      | Reached skill level 1 in Fighting
  1988 | D:3      | Reached skill level 2 in Unarmed Combat
  1989 | D:3      | Reached XP level 5. HP: 48/48 MP: 4/4
  1989 | D:3      | Identified a scroll of acquirement
  1989 | D:3      | Identified the ring "Baon" {Ice Str+3} (You acquired it on
                  | level 3 of the Dungeon)
  2015 | Sewer    | Entered a sewer
  2093 | Sewer    | Reached skill level 3 in Unarmed Combat
  2093 | Sewer    | Reached skill level 1 in Spellcasting
  2102 | Sewer    | Reached XP level 6. HP: 19/55 MP: 4/6
  2561 | D:3      | Reached skill level 4 in Unarmed Combat
  3069 | D:3      | Reached XP level 7. HP: 41/62 MP: 7/7
  3253 | D:4      | Reached skill level 5 in Unarmed Combat
  3312 | D:4      | Noticed Grinder
  3382 | D:4      | Paralysed by Grinder for 4 turns
  3387 | D:4      | Killed Grinder
  3388 | D:4      | Reached skill level 6 in Unarmed Combat
  3699 | D:4      | Reached XP level 8. HP: 68/72 MP: 9/9
  3760 | D:4      | Noticed Natasha
  3766 | D:4      | Killed Natasha
  3872 | D:4      | Noticed Natasha
  3879 | D:4      | Killed Natasha
  3900 | D:4      | Learned a level 7 spell: Mana Rupture
  3904 | D:4      | Noticed Natasha
  3910 | D:4      | Killed Natasha
  3911 | D:4      | Identified the Compendium of Bewitchment and Conjuration
  4025 | D:4      | Reached skill level 7 in Unarmed Combat
  4191 | D:5      | Entered Level 5 of the Dungeon
  4438 | D:5      | Noticed Pikel
  4464 | D:5      | Killed Pikel
  4465 | D:5      | Reached skill level 8 in Unarmed Combat
  4465 | D:5      | Reached skill level 1 in Conjurations
  4465 | D:5      | Reached skill level 1 in Hexes
  4465 | D:5      | Reached XP level 9. HP: 50/80 MP: 11/11
  4655 | D:5      | Noticed Menkaure
  4662 | D:5      | Killed Menkaure
  4674 | D:5      | Found a runed door.
  5119 | D:5      | Noticed Crazy Yiuf
  5121 | D:5      | Killed Crazy Yiuf
  5148 | D:6      | Found a shattered altar of Ashenzari.
  5316 | D:6      | Reached skill level 9 in Unarmed Combat
  5806 | D:6      | Found a shattered altar of Ashenzari.
  6448 | D:7      | Found a white marble altar of Elyvilon.
  6647 | D:7      | Found a staircase to the Ecumenical Temple.
  6680 | D:7      | Reached XP level 10. HP: 91/91 MP: 13/13
  6704 | Temple   | Entered the Ecumenical Temple
  6775 | Temple   | Became a worshipper of Cheibriados the Contemplative
  7304 | D:8      | Reached skill level 10 in Unarmed Combat
  7348 | D:8      | Reached skill level 1 in Invocations
  7356 | D:8      | HP: 2/92 [yak (7)]
  7366 | D:8      | Reached skill level 5 in Throwing
  7440 | D:8      | Reached * piety under Cheibriados
  7447 | D:8      | Noticed a cyan ugly thing
  7454 | D:8      | Noticed a death yak
  7523 | D:8      | Found Roxzajopn's Jewellery Emporium.
  7524 | D:8      | Noticed Maurice
  7557 | D:8      | Killed Maurice
  7569 | D:8      | Bought a cursed +4 ring of protection for 387 gold pieces
  7658 | D:8      | Noticed a death yak
  7723 | D:8      | Reached ** piety under Cheibriados
  7760 | D:8      | Noticed a death yak
  7764 | D:8      | Killed a cyan ugly thing
  7773 | D:8      | Killed a death yak
  7774 | D:8      | Reached skill level 11 in Unarmed Combat
  7780 | D:8      | Killed a death yak
  7781 | D:8      | Reached XP level 11. HP: 100/100 MP: 15/15
  7787 | D:8      | Killed a death yak
  7825 | D:8      | Found a staircase to the Lair.
  7843 | D:8      | Noticed Harold
  7870 | D:8      | Killed from afar by Harold

Skill      XL: |  1  2  3  4  5  6  7  8  9 10 |
---------------+-------------------------------+-----
Stealth        | 2 |  2.8
Dodging        | 3 4 |  4.3
Unarmed Combat | 1 2 3 4 6 8 9 11 | 11.4
Throwing       | 1 2 3 4 5 |  5.3
Fighting       | 1 2 3 4 |  4.2
Spellcasting   | 1 2 3 |  3.7
Conjurations   | 1 2 3 |  3.0
Hexes          | 1 2 3 |  3.6
Invocations    | 2 |  2.3
Maces & Flails | |  1.0

Action                   |  1- 3 |  4- 6 |  7- 9 | 10-12 || total
-------------------------+-------+-------+-------+-------++-------
Melee: Unarmed           |   106 |   146 |   282 |   173 ||   707
       Punch             |       |     3 |     7 |    13 ||    23
 Fire: Blowgun           |       |       |       |     4 ||     4
Throw: Stone             |   158 |    32 |    85 |    33 ||   308
       Tomahawk          |       |       |       |     1 ||     1
  Use: Potion            |       |     2 |       |     3 ||     5
       Scroll            |       |     3 |     1 |     1 ||     5
 Stab: Sleeping          |     1 |     3 |     4 |       ||     8
  Eat: Chunk             |    23 |    12 |    29 |    11 ||    75
Armor: Skin              |    56 |    50 |   103 |    59 ||   268
Dodge: Dodged            |    84 |    45 |   111 |    69 ||   309
